 Dungeon Sprint DCSS version 0.31-a0-424-g41b3b0883d (webtiles) character file.

Game seed: 15192087148359774620

289299 Conn the Scorcher (level 13, 20/89 HPs)
             Began as an Octopode Fire Elementalist on July 30, 2023.
             Was a High Priest of Sif Muna.
             Escaped with the Orb!
             The game lasted 01:04:15 (7979 turns).

Conn the Scorcher (Octopode Fire Elementalist)      Turns: 7979, Time: 01:04:16

Health: 20/89      AC:  1    Str:  8    XL:     13   Next: 82%
Magic:  21/33      EV: 15    Int: 20    God:    Sif Muna [*****.]
Gold:   5          SH:  7    Dex: 12    Spells: 2/44 levels left

rFire   . . .        b - staff of conjuration
rCold   . . .        w - +0 buckler {reflect}
rNeg    . . .        (helmet restricted)
rPois   +            v - amulet of Lierofy {Acrobat rPois}
rElec   .            (no ring)
rCorr   .            (no ring)
SInv    .            (no ring)
Will    .....        (no ring)
Stlth   ++           (no ring)
HPRegen 0.34/turn    (no ring)
MPRegen 0.23/turn    (no ring)
                     (no ring)

%: no teleportation, reflection, acrobat
@: no status effects
A: almost no armour, amphibious, 8 rings, camouflage 1, gelatinous body 1,
(nimble swimmer 1), tentacles, dopey 1
0: Orb of Zot
a: Renounce Religion, Channel Magic, Forget Spell, Divine Exegesis


You escaped.
You worshipped Sif Muna.
Sif Muna was extremely pleased with you.
You visited 1 branch You collected 486 gold pieces.
You spent 481 gold pieces at shops.

Inventory:

Hand Weapons
 a - the +8 storm bow {elec, penet}
   (You took it off a spriggan in the Dungeon)
 j - a +0 short sword
 n - the +0 sling of Dezxoak {drain, Contam Will+ Dex+5}
   (You found it in the Dungeon)

   Dex:       It affects your dexterity (+5).
   Contam:    It causes magical contamination when unequipped.
   Will:      It increases your willpower.
 o - the +2 whip of Romaon {freeze, rElec rPois Dex+4 Stlth-}
   (You bought it in a shop in the Dungeon)

   Dex:       It affects your dexterity (+4).
   rElec:     It insulates you from electricity.
   rPois:     It protects you from poison.
   Stlth:     It makes you less stealthy.
Armour
 k - a +1 buckler
 p - a +2 kite shield
 w - a +0 buckler of reflection (worn)
Magical Staves
 b - a staff of conjuration (weapon)
 d - a staff of air
 r - a staff of earth
Jewellery
 h - the amulet of invisibility {+Inv}
   (You found it in the Dungeon)

   [amulet of nothing]

   +Inv:      It lets you turn invisible.
 v - the amulet of Lierofy (around mantle) {Acrobat rPois}
   (You found it in the Dungeon)

   [amulet of the acrobat]

   It increases your evasion while moving and waiting.
   rPois:     It protects you from poison.
Talismans
 q - a dragon-blood talisman
Wands
 l - a wand of flame (9)
Scrolls
 i - 3 scrolls of immolation
 m - a scroll of amnesia
 s - a scroll of poison
Potions
 e - a potion of berserk rage
 u - 2 potions of curing
Miscellaneous
 c - a tin of tremorstones (2/2)


   Skills:
 - Level 8.6 Fighting
 - Level 7.2 Dodging
 - Level 7.4 Stealth
 * Level 11.8 Shields
 + Level 16.0 Spellcasting
 + Level 16.1 Conjurations
 - Level 1.5 Hexes
 - Level 5.0 Summonings
 - Level 4.0 Translocations
 - Level 16.4 Fire Magic
 - Level 9.1 Air Magic
 * Level 15.2 Invocations
 - Level 0.2 Evocations


You had 2 spell levels left.
You knew the following spells:

 Your Spells              Type           Power      Damage    Failure   Level
a - Foxfire               Conj/Fire      100%       2x1d9     0%          1
b - Scorch                Fire           100%       2d9       0%          2
c - Blink                 Tloc           64%        N/A       1%          2
d - Fireball              Conj/Fire      44%        3d18      1%          5
e - Starburst             Conj/Fire      44%        6d12      1%          6
f - Plasma Beam           Fire/Air       30%        2x1d43    4%          6
g - Iskenderun's Mystic   Conj/Tloc      71%        2d14      1%          4
h - Vhi's Electric Charg  Tloc/Air       84%        N/A       1%          3
i - Hailstorm             Conj/Ice       64%        3d14      1%          3
j - Summon Guardian Gole  Hex/Summ       29%        N/A       3%          3
k - Orb of Destruction    Conj           44%        9d12      5%          7

Your spell library contained the following spells:

 Spells                   Type           Power      Damage    Failure   Level
 Magic Dart               Conj           100%       1d8       0%          1
 Shock                    Conj/Air       100%       1d9       1%          1
 Momentum Strike          Conj/Tloc      100%       3d10      1%          2
 Poisonous Vapours        Pois/Air       68%        N/A       1%          2
 Static Discharge         Conj/Air       100%       2-7/arc   1%          2
 Cigotuvi's Dreadful Rot  Necr/Pois/Air  56%        N/A       2%          2
 Ensorcelled Hibernation  Hex/Ice        38%        N/A       5%          2
 Wereblood                Tmut           16%        N/A       8%          2
 Dazzling Flash           Conj/Hex       100%       N/A       1%          3
 Ignite Poison            Fire/Tmut/Pois 37%        N/A       1%          3
 Inner Flame              Hex/Fire       51%        N/A       1%          3
 Mephitic Cloud           Conj/Pois/Air  65%        N/A       1%          3
 Stone Arrow              Conj/Erth      100%       3d13      1%          3
 Volatile Blastmotes      Fire/Tloc      100%       2d18      1%          3
 Airstrike                Air            25%        2d(4-20)  1%          4
 Flame Wave               Conj/Fire      89%        2d19      1%          4
 Fulminant Prism          Conj/Hex       33%        3d16      1%          4
 Sticky Flame             Conj/Fire      89%        2d10      1%          4
 Arcjolt                  Conj/Air       39%        1d49      1%          5
 Summon Lightning Spire   Summ/Air       44%        N/A       2%          4
 Portal Projectile        Hex/Tloc       54%        N/A       4%          3
 Freezing Cloud           Conj/Ice/Air   32%        6-21      4%          5
 Irradiate                Conj/Tmut      32%        3d22      4%          5
 Conjure Ball Lightning   Conj/Air       39%        3x3d13    4%          6
 Tukima's Dance           Hex            22%        N/A       8%          3
 Manifold Assault         Tloc           32%        N/A       10%         4
 Passage of Golubria      Tloc           32%        N/A       10%         4
 Leda's Liquefaction      Hex/Erth       9%         N/A       34%         4
 Summon Mana Viper        Hex/Summ       29%        N/A       34%         5
 Yara's Violent Unravell  Hex/Tmut       9%         3d6       69%         5
 Malign Gateway           Summ/Tloc      17%        N/A       100%        7
 Lehudib's Crystal Spear  Conj/Erth      32%        10d8      100%        8
 Maxwell's Capacitive Co  Air            25%        ∞         100%        8
 Chain Lightning          Conj/Air       39%        3d52      100%        9
 Animate Armour           Summ/Erth      Unusable   N/A       N/A         4

Dungeon Overview and Level Annotations

Branches:
Dungeon (1/1)

Altars:
Cheibriados
Dithmenos
Elyvilon
Gozag
Hepliaklqana
Kikubaaqudgha
Makhleb
Nemelex Xobeh
Okawaru
Qazlal
Ru
Sif Muna
Trog
Uskayaw
Vehumet
Wu Jian
Xom
Yredelemnul
Zin
The Shining One
Jiyva
Lugonu

Shops:
D :*[*![*![!=?!(*[(?*[[


Innate Abilities, Weirdness & Mutations

You cannot wear most types of armour.
You are amphibious.
You can wear up to eight rings at the same time.
Your skin changes colour to match your surroundings (Stealth+).
Your rubbery body absorbs attacks. (AC +1, EV +1)
((You are camouflaged when in or above water. (Stealth+)))
You have tentacles for arms and can constrict up to eight enemies at once.
You are dopey. (Int -2)


Message History

The hail pelts the fungus!!
The fungus is moderately damaged.
The hail pelts the fungus!
The fungus is moderately damaged.
A hell hog comes into view.
The hell hog breathes fire at you.
The fireball explodes!
The fireball engulfs you!!!
The fireball engulfs the fungus!!
The fungus begins to die.
The fireball engulfs the fungus!
The fungus begins to die.
Unknown command.
Unknown command.
Casting: Hailstorm (safe; 1% risk of failure)
Confirm with . or Enter, or press ? or * to list all spells.
Casting: Hailstorm (safe; 1% risk of failure)
Press: ? - help, Dir - look around, f - activate
Okay, then.
Unknown command.
Casting: Hailstorm (safe; 1% risk of failure)
Confirm with . or Enter, or press ? or * to list all spells.
Casting: Plasma Beam (dangerous; 4% risk of failure)
Press: ? - help, Dir - look around, f - activate The bolt of lightning hits the hell hog!!
You kill the hell hog!
Sif Muna accepts your kill.
The bolt of lightning hits the hell hog!!!
The hell hog is severely wounded.
The fiery plasma hits the hell hog.
The hell hog completely resists.
The hell hog is severely wounded.
The hell hog breathes fire at you.
The fireball explodes!
The fireball engulfs you!!
* * * LOW HITPOINT WARNING * * *
The fireball engulfs the fungus!!!
The fireball engulfs the fungus!!
A hell hog comes into view.
Your Spellcasting skill increases to level 16!
Okay, then.
Okay, then.
Unknown command.
Unknown command.
A nearby fungus withers and dies. x2
You have escaped!

##################
#@.hh#.....#.....#
#PP.†'.)...'.#[..'
#P..P#.....#.#...#
###############'##
#...♣........'...#
#............#...#
#...........######
##'####'######..'.
#..#....'.....[.#.


You could see 2 hell hogs.

Vanquished Creatures
  the Enchantress (D)
  Agnes (D)
  2 ghost moths (D)
  6 spriggan defenders (D)
  A reaper (D)
  4 demonic crawlers (D)
  A hell hog (D)
  5 spriggan berserkers (D)
  2 sixfirhies (D)
  4 spriggan druids (D)
  25 oklob plants (D)
  3 moths of wrath (D)
  An orange demon (D)
  A hellion (D)
  3 burning bushes (D)
  2 queen bees (D)
  3 wandering mushrooms (D)
  9 hornets (D)
  4 scorpions (D)
  4 killer bees (D)
  5 oklob saplings (D)
  11 spriggans (D)
  A river rat (D)
  A rat (D)
  A ballistomycete spore (D)
101 creatures vanquished.

Vanquished Creatures (collateral kills)
  3 foxfires (D)
3 creatures vanquished.

Vanquished Creatures (others)
  An eldritch tentacle (D)
  A hornet (D)
  A ballistomycete spore (D)
  40 foxfires (D)
43 creatures vanquished.

Grand Total: 147 creatures vanquished

Notes
Turn   | Place    | Note
-------+----------+-------------------------------------------
     0 | D        | Conn the Octopode Fire Elementalist began the quest for the
                  | Orb.
     0 | D        | Reached XP level 1. HP: 11/11 MP: 3/3
    14 | D        | Reached XP level 2. HP: 15/17 MP: 0/5
    25 | D        | Learned a level 2 spell: Scorch
    72 | D        | Noticed an oklob sapling
    75 | D        | Noticed a scorpion
    75 | D        | Found the amulet of invisibility {+Inv}
    80 | D        | Killed a scorpion
    81 | D        | Reached skill level 5 in Fire Magic
    81 | D        | Reached XP level 3. HP: 21/21 MP: 0/8
    81 | D        | Reached XP level 4. HP: 27/27 MP: 0/10
   220 | D        | Found an opulent altar of Gozag.
   220 | D        | Found a hazy altar of Hepliaklqana.
   220 | D        | Found a burning altar of Makhleb.
   220 | D        | Found a sparkling altar of Nemelex Xobeh.
   220 | D        | Found a snail-covered altar of Cheibriados.
   220 | D        | Found a sacrificial altar of Ru.
   220 | D        | Found a shimmering blue altar of Sif Muna.
   220 | D        | Found a shimmering altar of Xom.
   220 | D        | Found a basalt altar of Yredelemnul.
   229 | D        | Found a viscous altar of Jiyva.
   229 | D        | Found a bloodstained altar of Trog.
   229 | D        | Found an ornate altar of the Wu Jian Council.
   229 | D        | Noticed an oklob sapling priest
   230 | D        | Found an iron altar of Okawaru.
   230 | D        | Found a shadowy altar of Dithmenos.
   230 | D        | Found a glowing silver altar of Zin.
   231 | D        | Found a hide-covered altar of Uskayaw.
   231 | D        | Found an ancient bone altar of Kikubaaqudgha.
   232 | D        | Found a glowing golden altar of the Shining One.
   232 | D        | Found a stormy altar of Qazlal.
   232 | D        | Found a white marble altar of Elyvilon.
   233 | D        | Found a radiant altar of Vehumet.
   233 | D        | Found a corrupted altar of Lugonu.
   235 | D        | Became a worshipper of Sif Muna the Loreminder
   240 | D        | Learned a level 3 spell: Inner Flame
   243 | D        | Killed an oklob sapling priest
   244 | D        | Reached skill level 5 in Spellcasting
   244 | D        | Reached XP level 5. HP: 31/31 MP: 1/13
   451 | D        | Reached * piety under Sif Muna
   454 | D        | Reached XP level 6. HP: 28/36 MP: 0/16
   465 | D        | Reached skill level 5 in Conjurations
   478 | D        | Learned a level 4 spell: Flame Wave
   570 | D        | Found Deown's General Store.
   571 | D        | Found Hikhlak's Weapon Emporium.
   578 | D        | Noticed a burning bush
   578 | D        | Noticed a wandering mushroom
   578 | D        | Noticed a wandering mushroom
   584 | D        | Killed a wandering mushroom
   584 | D        | Reached ** piety under Sif Muna
   585 | D        | Reached skill level 1 in Fighting
   585 | D        | Reached skill level 1 in Hexes
   585 | D        | Reached XP level 7. HP: 43/43 MP: 6/19
   592 | D        | Killed a wandering mushroom
   845 | D        | Killed a burning bush
   846 | D        | Reached skill level 10 in Fire Magic
   846 | D        | Reached skill level 5 in Invocations
   846 | D        | Reached XP level 8. HP: 35/48 MP: 3/21
   950 | D        | Found Noech's Assorted Antiques.
   950 | D        | Found Agappa's Magic Scroll Shoppe.
   954 | D        | Identified the +0 sling of Dezxoak {drain, Contam Will+
                  | Dex+5}
   970 | D        | Bought 2 potions of lignification for 84 gold pieces
   998 | D        | Reached *** piety under Sif Muna
  1013 | D        | Noticed a queen bee
  1016 | D        | Reached skill level 10 in Spellcasting
  1021 | D        | Reached skill level 5 in Shields
  1023 | D        | Killed a queen bee
  1023 | D        | Reached **** piety under Sif Muna
  1128 | D        | Noticed an oklob plant
  1139 | D        | Killed an oklob plant
  1140 | D        | Reached XP level 9. HP: 53/53 MP: 2/23
  1257 | D        | Noticed a burning bush
  1433 | D        | Killed a burning bush
  1434 | D        | Reached skill level 10 in Invocations
  1520 | D        | Noticed a burning bush
  1520 | D        | Noticed an oklob plant
  1528 | D        | Killed a burning bush
  1631 | D        | Noticed a wandering mushroom
  1639 | D        | Killed an oklob plant
  1639 | D        | Reached ***** piety under Sif Muna
  1640 | D        | Killed a wandering mushroom
  1640 | D        | Received a gift from Sif Muna
  1727 | D        | Identified the +0 buckler "Janyg Neuz" {Fly rF- Dex+2}
  1743 | D        | Learned a level 6 spell: Starburst
  1750 | D        | Learned a level 6 spell: Plasma Beam
  1795 | D        | Noticed a spriggan druid
  1798 | D        | Killed a spriggan druid
  1799 | D        | Reached skill level 5 in Stealth
  1799 | D        | Reached skill level 1 in Air Magic
  1799 | D        | Reached XP level 10. HP: 61/61 MP: 16/24
  1870 | D        | Noticed an oklob plant conjurer
  1876 | D        | Killed an oklob plant conjurer
  1877 | D        | Reached skill level 5 in Dodging
  1950 | D        | Noticed an oklob plant
  1950 | D        | Noticed an oklob plant summoner
  1951 | D        | Noticed an oklob plant shifter
  1956 | D        | Killed an oklob plant
  1961 | D        | Killed an oklob plant summoner
  2063 | D        | Killed an oklob plant shifter
  2085 | D        | Noticed a demonic crawler
  2119 | D        | Killed a demonic crawler
  2245 | D        | Noticed a spriggan rider
  2250 | D        | Received a gift from Sif Muna
  2257 | D        | Got Ciej's Parchment of the Voyage {god gift}
  2404 | D        | Learned a level 4 spell: Iskenderun's Mystic Blast
  2407 | D        | Found Zagae's Armour Emporium.
  2410 | D        | Found Wybug's Armour Shoppe.
  2452 | D        | Learned a level 3 spell: Vhi's Electric Charge
  2452 | D        | Noticed Agnes
  2455 | D        | Found Ahaomugg's Antique Armour Emporium.
  2458 | D        | Noticed a spriggan berserker
  2464 | D        | Killed Agnes
  2465 | D        | Reached skill level 5 in Fighting
  2465 | D        | Reached XP level 11. HP: 72/72 MP: 5/26
  2468 | D        | Killed a spriggan berserker
  2469 | D        | Reached skill level 5 in Air Magic
  2495 | D        | Found Eciskuat's Antique Weapon Shoppe.
  2498 | D        | Noticed a spriggan defender
  2510 | D        | Killed a spriggan defender
  2613 | D        | Bought a shimmering whip for 150 gold pieces
  2613 | D        | Identified the +2 whip of Romaon {freeze, rElec rPois Dex+4
                  | Stlth-} (You bought it in a shop in the Dungeon)
  2627 | D        | Gained mutation: You are dopey. (Int -2) [mutagenic glow]
  2697 | D        | Noticed a spriggan rider
  2702 | D        | Killed a spriggan rider
  2703 | D        | Reached skill level 10 in Conjurations
  2814 | D        | Received a gift from Sif Muna
  2815 | D        | Got Estualoe's Octavo of Electric Forces {god gift}
  3485 | D        | Learned a level 3 spell: Hailstorm
  3646 | D        | Noticed a demonic crawler
  3656 | D        | Killed a demonic crawler
  3658 | D        | Killed a ghost moth
  3750 | D        | Found Hopocul's General Store.
  3750 | D        | Found Ynokh's Antique Armour Emporium.
  3750 | D        | Found Ecemev's Book Shoppe.
  3772 | D        | Noticed an oklob plant shifter
  3772 | D        | Noticed an oklob plant meteorologist
  3777 | D        | Killed an oklob plant meteorologist
  3828 | D        | Killed an oklob plant shifter
  3897 | D        | Noticed a demonic crawler
  3906 | D        | Killed a demonic crawler
  4043 | D        | Noticed a spriggan rider
  4048 | D        | Killed a spriggan rider
  4048 | D        | Received a gift from Sif Muna
  4049 | D        | Reached XP level 12. HP: 40/79 MP: 6/29
  4049 | D        | Got Sif Muna's Incunabulum of Percussion {god gift}
  4172 | D        | Learned a level 5 spell: Fireball
  4232 | D        | Found Kiruh's Distillery.
  4232 | D        | Found Pyarghue's Antique Armour Boutique.
  4232 | D        | Found Vaceim's General Store.
  4232 | D        | Found Zaucotuz's Distillery.
  4232 | D        | Found Tamew's Assorted Antiques.
  4233 | D        | Found Voalunoh's Distillery.
  4233 | D        | Found Wojumex's Jewellery Shop.
  4233 | D        | Found Unycogykk's Antique Armour Boutique.
  4281 | D        | Reached skill level 15 in Fire Magic
  4290 | D        | Received a gift from Sif Muna
  4291 | D        | Got Sif Muna's Cyclopedia of Adjuration and the Curse {god
                  | gift}
  4688 | D        | Found Zaqejure's Magic Scroll Emporium.
  4689 | D        | Found Gydaogeiz's Distillery.
  4724 | D        | Noticed a spriggan berserker
  4727 | D        | Killed a spriggan berserker
  4727 | D        | Received a gift from Sif Muna
  4759 | D        | Bought 2 scrolls of identify for 44 gold pieces
  4828 | D        | Bought a +2 kite shield for 181 gold pieces
  4936 | D        | Bought a scroll of identify for 22 gold pieces
  5080 | D        | Identified the amulet of Lierofy {Acrobat rPois}
  5160 | D        | Noticed a spriggan defender
  5160 | D        | Noticed a spriggan defender
  5166 | D        | Killed a spriggan defender
  5169 | D        | Killed a spriggan defender
  5324 | D        | Noticed a spriggan berserker
  5325 | D        | Received a gift from Sif Muna
  5325 | D        | Noticed a spriggan berserker
  5326 | D        | Reached skill level 15 in Spellcasting
  5326 | D        | Killed a spriggan berserker
  5327 | D        | Reached XP level 13. HP: 89/89 MP: 15/32
  5678 | D        | Noticed a spriggan defender
  5682 | D        | Killed a spriggan defender
  5924 | D        | Received a gift from Sif Muna
  5925 | D        | Reached skill level 15 in Conjurations
  5925 | D        | Reached skill level 1 in Translocations
  5925 | D        | Got Pudatz's Omnibus of the Charmed Atmosphere {god gift}
  6023 | D        | Learned a level 3 spell: Summon Guardian Golem
  6214 | D        | Noticed the Enchantress
  6221 | D        | Killed the Enchantress
  6222 | D        | Reached skill level 1 in Summonings
  6396 | D        | Reached skill level 10 in Shields
  6797 | D        | Killed a ghost moth
  6797 | D        | Received a gift from Sif Muna
  6798 | D        | Got Sif Muna's Verses on the Mutated Cumulonimbus {god
                  | gift}
  6831 | D        | Learned a level 7 spell: Orb of Destruction
  6986 | D        | Noticed a spriggan defender
  6991 | D        | Killed a spriggan defender
  7035 | D        | Noticed a spriggan defender
  7039 | D        | Killed a spriggan defender
  7189 | D        | Got the Orb of Zot
  7208 | D        | Reached skill level 5 in Summonings
  7230 | D        | Noticed Kaum the pandemonium lord
  7815 | D        | Noticed a reaper
  7817 | D        | Killed a reaper
  7817 | D        | Received a gift from Sif Muna
  7818 | D        | Reached skill level 15 in Invocations
  7818 | D        | Got Lif Fuum's Atlas of Displacement {god gift}
  7823 | D        | Learned a level 2 spell: Blink
  7979 | D        | Escaped with the Orb!

Illustrated notes

Levels and vault maps discovered:
D:        dungeon_sprint_fedhas [sprint_temple]

Skill      XL: |  1  2  3  4  5  6  7  8  9 10 11 12 13 |
---------------+----------------------------------------+-----
Stealth        | 4 5 7 |  7.4
Fire Magic     | 4 5 6 7 9 10 11 12 14 16 | 16.4
Dodging        | 3 4 6 7 |  7.2
Spellcasting   | 4 5 7 8 9 10 11 13 15 16 | 16.0
Conjurations   | 2 3 4 5 6 8 11 14 16 | 16.1
Fighting       | 1 2 5 6 8 |  8.6
Shields        | 2 4 5 7 11 | 11.8
Hexes          | 1 |  1.5
Invocations    | 3 5 9 14 15 | 15.2
Air Magic      | 1 4 7 9 |  9.1
Translocations | 4 |  4.0
Summonings     | 5 |  5.0
Evocations     | |  0.2

Action                     |  1- 3 |  4- 6 |  7- 9 | 10-12 | 13-15 || total
---------------------------+-------+-------+-------+-------+-------++-------
  Melee: Unarmed           |     6 |     9 |       |       |       ||    15
         Tentacles         |     2 |     1 |       |    11 |       ||    14
         Constrict         |     2 |     1 |       |       |       ||     3
         Whip              |       |       |       |     8 |       ||     8
         Staff             |       |       |       |     8 |       ||     8
   Cast: Foxfire           |     4 |     2 |     8 |     7 |     4 ||    25
         Scorch            |     2 |    20 |    60 |    41 |     3 ||   126
         Inner Flame       |       |     2 |     2 |     9 |     1 ||    14
         Flame Wave        |       |       |     4 |     4 |       ||     8
         Starburst         |       |       |       |    25 |     9 ||    34
         Iskenderun's Myst |       |       |       |     8 |     8 ||    16
         Chain Lightning   |       |       |       |     2 |     2 ||     4
         Fireball          |       |       |       |    22 |    14 ||    36
         Plasma Beam       |       |       |       |     6 |    28 ||    34
         Orb of Destructio |       |       |       |       |     2 ||     2
         Summon Guardian G |       |       |       |       |     2 ||     2
         Hailstorm         |       |       |       |       |     2 ||     2
 Invoke: Channel Magic     |       |       |       |     5 |     3 ||     8
         Divine Exegesis   |       |       |       |     2 |     2 ||     4
         Forget Spell      |       |       |       |     1 |     1 ||     2
Ability: Evoke Invisibilit |       |     4 |     5 |    14 |     1 ||    24
    Use: Scroll            |       |     2 |       |     5 |     1 ||     8
         Potion            |       |       |       |     7 |     2 ||     9
   Stab: Invisible         |       |     2 |       |       |       ||     2
 Armour: Skin              |       |     1 |       |     8 |       ||     9
  Dodge: Dodged            |     4 |    12 |     1 |    14 |     9 ||    40
  Block: Kite shield       |       |       |       |     2 |     2 ||     4
         Buckler           |       |       |       |       |     1 ||     1

Table legend: (Time is in decaauts)
 A = Elapsed time spent in this place.
 B = Non-inter-level travel time spent in this place.
 C = Inter-level travel time spent in this place.
 D = Time resting spent in this place.
 E = Time spent auto-exploring this place.
 F = Levels seen in this place.
 G = Mean time per level.
                   A        B        C        D        E       F      G
               +--------+--------+--------+--------+--------+-----+--------+
         Total |   7984 |   7919 |     65 |   5299 |      0 |   1 | 7984.0 |
       Dungeon |   7984 |   7919 |     65 |   5299 |      0 |   1 | 7984.0 |
               +--------+--------+--------+--------+--------+-----+--------+

Top non-repeatable levels by time:
       D: 7984 daAuts
